 Dungeon Crawl Stone Soup version 0.31-a0-182-gc5ef74bbde (webtiles) character file.

Game seed: 18210406847797320310

424 qw the Chopper (level 6, -8/38 HPs)
             Began as a Gargoyle Fighter on June 20, 2023.
             Mangled by Duvessa
             ... wielding a +0 short sword
              (11 damage)
             ... on level 4 of the Dungeon.
             The game lasted 00:01:25 (2813 turns).

qw the Chopper (Gargoyle Fighter)                   Turns: 2813, Time: 00:01:26

Health: -8/38      AC: 14    Str: 21 (22) XL:     6   Next: 96%
Magic:  6/6        EV:  7    Int:  6 (8)  God:
Gold:   77         SH:  4    Dex:  8 (9)  Spells: 5/5 levels left

rFire   . . .        Y - +0 war axe
rCold   . . .        c - +0 buckler
rNeg    + . .        l - +0 chain mail
rPois   inf          (no helmet)
rElec   +            (no cloak)
rCorr   .            p - +0 pair of gloves
SInv    .            (no boots)
Will    .....        b - amulet of regeneration Stlth
                     a - +4 ring of slaying {mikee}
HPRegen 1.06/turn    (no ring)
MPRegen 0.10/turn

%: no passive effects
@: no status effects
A: sickness immunity, AC +4, negative energy resistance 1, electricity
resistance, torment resistance 1, petrification resistance
a: no special abilities


You were on level 4 of the Dungeon.
You visited 1 branch of the dungeon, and saw 4 of its levels.

You collected 172 gold pieces.
You spent 95 gold pieces at shops.


Innate Abilities, Weirdness & Mutations

You are immune to sickness and miasma.
Your stone body is resilient. (AC +4)
You are immune to poison.
You resist negative energy. (rN+)
You are resistant to electric shocks. (rElec)
You are resistant to unholy torment.
You are immune to petrification.


   Skills:
 - Level 4.1 Fighting
 + Level 6.2 Axes
 - Level 3.2 Armour
 - Level 3.2 Shields


You had 5 spell levels left.
You didn't know any spells.
Your spell library was empty.

Inventory:

Hand Weapons
 o - a +0 flail
 Y - a +0 war axe (weapon)
Armour
 c - a +0 buckler (worn)
 l - a +0 chain mail (worn)
 m - a +0 pair of boots
 n - a +2 helmet of intelligence
 p - a +0 pair of gloves (worn)
Jewellery
 a - a +4 ring of slaying (left hand) {mikee}
 b - an amulet of regeneration (around neck)
 i - a ring of ice
 s - a ring of flight
Scrolls
 g - 2 scrolls of identify
Potions
 d - a potion of might
 e - a potion of enlightenment {unknown}
 f - a potion of curing {unknown}
 h - a potion of berserk rage {unknown}
 j - a potion of invisibility {unknown}
 k - a potion of mutation {unknown}
 r - a potion of attraction {unknown}

Dungeon Overview and Level Annotations

Branches:
Dungeon (4/15)
 Temple: D:4-7

Altars:
Ashenzari

Shops:
D:4 (:[*

Annotations:
D:2 1 runed translucent door, Crazy Yiuf
D:4 Duvessa


Message History

Duvessa is nearby!
Enter note:
Enter note:
Enter note:
Enter note:
Enter note:
Enter note:
2801 ||| Stepping ~*~*~tactically~*~*~ (stealth).
Duvessa shouts!
2804 ||| Stepping ~*~*~tactically~*~*~ (stealth).
Dowan shouts!
Enter note:
Enter note:
Enter note:
Enter note:
Enter note:
Enter note: You barely miss Duvessa.
Duvessa is lightly wounded.
Duvessa hits you but does no damage. x2
You hit Duvessa but do no damage.
Duvessa is lightly wounded.
You slash Dowan!
You kill Dowan!
Duvessa screams in rage.
Duvessa goes berserk!
You hit Duvessa.
Duvessa hits you with a +0 short sword. x2
You slash Duvessa!
Duvessa is moderately wounded.
Duvessa hits you but does no damage. Duvessa hits you with a +0 short sword!
You hit Duvessa but do no damage.
Duvessa is moderately wounded.
Duvessa hits you but does no damage. x2
You slash Duvessa!
Duvessa is severely wounded.
Duvessa hits you with a +0 short sword!
You completely miss Duvessa.
Duvessa is severely wounded.
Duvessa hits you with a +0 short sword! x2
You die...

#..e.# ###.##..## #....#.#
..#......# #....#.#
#.######.# #....#.# #.#
##'# ##......# #.# #...
........+ ###.#####...
#......# #.......'.\. .
#....)e# #.#.#####...
.###. #@# #.#<..# #...
.... #.# #.#.#.# #..> #..
#.# #.#.#.# #...
######.##.# ..#.#.# #...
#.........# ###.#.###...
#.#####.#########.#..##...
.¤¤........¤¤......%.#
¤¤¤.._..~~¤¤¤.####...#
¤.........¤¤........##


You could see Duvessa (berserk).

Vanquished Creatures
  A black bear (D:4)
  Dowan (D:4)
  A hound (D:4)
  An iguana (D:3)
  2 orc wizards
  Robin (D:4)
  8 adders
  2 worms (D:2)
  4 dart slugs
  9 orcs
  5 ball pythons
  8 endoplasms
  3 giant cockroaches
  4 goblins
  8 hobgoblins
  3 jackals (D:2)
  3 quokkas
  6 bats
  4 frilled lizards
  2 kobolds
  5 rats
81 creatures vanquished.

Notes
Turn   | Place    | Note
-------+----------+-------------------------------------------
     0 | D:1      | qw the Gargoyle Fighter began the quest for the Orb.
     0 | D:1      | Reached XP level 1. HP: 14/14 MP: 1/1
     0 | D:1      | 0 ||| qw: Version: 0.3-a-9-g12657ce
     0 | D:1      | 0 ||| qw: Game counter: 1243
     0 | D:1      | 0 ||| qw: Always use a shield: true
     0 | D:1      | 0 ||| qw: God list: Okawaru
     0 | D:1      | 0 ||| qw: Allow faded altars: false
     0 | D:1      | 0 ||| qw: Do Orc after D:15 true
     0 | D:1      | 0 ||| qw: Do second Lair branch before Depths: true
     0 | D:1      | 0 ||| qw: Lair rune preference: random
     0 | D:1      | 0 ||| qw: Plans: Normal, Zot:1-4, Slime:5, God:TSO, Crypt,
                  | Tomb, Abyss, Pan, Hells, Win
     0 | D:1      | 0 ||| PLANNING D:1-11
   108 | D:1      | Reached skill level 2 in Axes
   124 | D:1      | Found a faded altar of an unknown god.
   176 | D:1      | 176 ||| Stepping ~*~*~tactically~*~*~ (hiding).
   186 | D:1      | Reached XP level 2. HP: 19/19 MP: 2/2
   640 | D:1      | 640 ||| UPGRADING to +0 chain mail.
   650 | D:1      | 650 ||| DROPPING +0 scale mail.
   651 | D:1      | 651 ||| READING scroll labelled GIAVICR FUACISK.
   652 | D:1      | 652 ||| READING scroll labelled WUHIUCR GIAZ.
   713 | D:2      | Reached skill level 3 in Axes
   748 | D:2      | 748 ||| Stepping ~*~*~tactically~*~*~ (stealth).
   752 | D:2      | Reached XP level 3. HP: 21/23 MP: 3/3
   818 | D:2      | 818 ||| Stepping ~*~*~tactically~*~*~ (hiding).
   944 | D:2      | Reached XP level 4. HP: 28/28 MP: 4/4
  1098 | D:2      | Found a runed translucent door.
  1099 | D:2      | Noticed Crazy Yiuf
  1464 | D:2      | Reached skill level 4 in Axes
  1679 | D:2      | 1679 ||| UPGRADING to amulet of regeneration.
  1684 | D:2      | 1684 ||| UPGRADING to +4 ring of slaying {mikee}.
  1751 | D:3      | Reached XP level 5. HP: 32/32 MP: 5/5
  1779 | D:3      | 1779 ||| Stepping ~*~*~tactically~*~*~ (stealth).
  1819 | D:3      | 1819 ||| Stepping ~*~*~tactically~*~*~ (hiding).
  1824 | D:3      | 1824 ||| Stepping ~*~*~tactically~*~*~ (hiding).
  2116 | D:3      | 2116 ||| Stepping ~*~*~tactically~*~*~ (stealth).
  2118 | D:3      | 2118 ||| Stepping ~*~*~tactically~*~*~ (stealth).
  2128 | D:3      | Reached skill level 5 in Axes
  2291 | D:3      | 2291 ||| UPGRADING to +0 pair of gloves.
  2296 | D:3      | 2296 ||| DROPPING amulet of magic regeneration.
  2297 | D:3      | 2297 ||| READING 2 scrolls labelled LAGU QOCEON.
  2298 | D:3      | 2298 ||| READING 2 scrolls labelled FABBISOISY.
  2299 | D:3      | 2299 ||| READING scroll labelled PIHANN METU.
  2300 | D:3      | 2300 ||| DRINKING 2 smoky purple potions.
  2301 | D:3      | 2301 ||| DROPPING potion of degeneration.
  2302 | D:3      | 2302 ||| DROPPING scroll of immolation.
  2311 | D:4      | Found Wokkahia's Assorted Antiques.
  2322 | D:4      | 2322 ||| BUYING black potion (25 gold).
  2322 | D:4      | Bought a black potion for 25 gold pieces
  2322 | D:4      | 2322 ||| SHOPLISTING blackened bronze wand (112 gold, have
                  | 110).
  2322 | D:4      | 2322 ||| BUYING bubbling silvery potion (25 gold).
  2322 | D:4      | Bought a bubbling silvery potion for 25 gold pieces
  2322 | D:4      | 2322 ||| SHOPLISTING worn glass wand (112 gold, have 85).
  2324 | D:4      | 2324 ||| Stepping ~*~*~tactically~*~*~ (stealth).
  2347 | D:4      | Found Tycweuv's Armour Boutique.
  2353 | D:4      | 2353 ||| BUYING +0 pair of boots (45 gold).
  2353 | D:4      | Bought a +0 pair of boots for 45 gold pieces
  2353 | D:4      | 2353 ||| SHOPLISTING +2 ring mail of cold resistance (210
                  | gold, have 40).
  2353 | D:4      | 2353 ||| SHOPLISTING +4 plate armour of fire resistance
                  | (500 gold, have 40).
  2353 | D:4      | 2353 ||| SHOPLISTING +5 plate armour "Xagyth" {rF+} (620
                  | gold, have 40).
  2390 | D:4      | Noticed Robin
  2392 | D:4      | 2392 ||| Stepping ~*~*~tactically~*~*~ (hiding).
  2400 | D:4      | Killed Robin
  2510 | D:4      | 2510 ||| Stepping ~*~*~tactically~*~*~ (hiding).
  2514 | D:4      | 2514 ||| Stepping ~*~*~tactically~*~*~ (hiding).
  2524 | D:4      | Reached XP level 6. HP: 33/38 MP: 6/6
  2618 | D:4      | Found Eskaub's Weapon Boutique.
  2627 | D:4      | Noticed Dowan
  2628 | D:4      | Noticed Duvessa
  2633 | D:4      | HP: 8/38 [Dowan/+2 dagger of freezing (3)]
  2634 | D:4      | 2634 ||| READING scroll of teleportation.
  2699 | D:4      | 2699 ||| Stepping ~*~*~tactically~*~*~ (stealth).
  2700 | D:4      | 2700 ||| Stepping ~*~*~tactically~*~*~ (stealth).
  2716 | D:4      | Found Ways Nylawk's Book Shop.
  2716 | D:4      | Noticed a black bear
  2731 | D:4      | Killed a black bear
  2760 | D:4      | Reached skill level 6 in Axes
  2785 | D:4      | Found a broken altar of Ashenzari.
  2792 | D:4      | 2792 ||| Stepping ~*~*~tactically~*~*~ (stealth).
  2798 | D:4      | 2798 ||| Stepping ~*~*~tactically~*~*~ (stealth).
  2801 | D:4      | 2801 ||| Stepping ~*~*~tactically~*~*~ (stealth).
  2804 | D:4      | 2804 ||| Stepping ~*~*~tactically~*~*~ (stealth).
  2809 | D:4      | Killed Dowan
  2813 | D:4      | HP: 3/38 [Duvessa/+0 short sword (13)]
  2813 | D:4      | Mangled by Duvessa

Levels and vault maps discovered:
D:1:      ncdulo_watergridlock, layout_basic, chequers_ecumenical_altar_island,
          hex_intersection
D:2:      layout_basic, st_stairs_3, uniq_crazy_yiuf_cottage
D:3:      layout_rooms
D:4:      layout_basic, mainiacjoe_overflow_boulevard, serial_shops,
          nicolae_square_shop, shop, shop, shop, uniq_duvessa, uniq_robin

Skill      XL: |  1  2  3  4  5  6 |
---------------+-------------------+-----
Axes           | 2 3 4 5 6 |  6.2
Fighting       | 4 |  4.1
Armour         | |  3.2
Shields        | |  3.2

Action                     |  1- 3 |  4- 6 || total
---------------------------+-------+-------++-------
  Melee: War axe           |    88 |   130 ||   218
    Use: Scroll            |     2 |     4 ||     6
         Potion            |       |     1 ||     1
 Armour: Scale mail        |    16 |       ||    16
         Chain mail        |    23 |    79 ||   102
  Dodge: Dodged            |    33 |    37 ||    70
  Block: Buckler           |    16 |    29 ||    45

Table legend:
 A = Non-vault XP
 B = Vault XP
 C = Vault XP percentage of total XP
 D = Non-vault monster count
 E = Vault monster count
 F = Vault count percentage of total count
                 A         B        C        D         E       F
            +---------+---------+-------+---------+---------+-------
      Total |     508 |      99 |  16.3 |      74 |       7 |   8.6
            +---------+---------+-------+---------+---------+-------
        D:1 |      27 |       0 |   0.0 |      16 |       0 |   0.0
        D:2 |      67 |       6 |   8.2 |      21 |       2 |   8.7
        D:3 |     171 |       0 |   0.0 |      22 |       0 |   0.0
        D:4 |     243 |      93 |  27.7 |      15 |       5 |  25.0
            +---------+---------+-------+---------+---------+-------
